← All builds
Geo / Cortex / Economy first / OBSERVED BUILD

Standard geo

Standard Geo economy-first play: geothermal into T2 constructor and Advanced Bot Lab, blowing the commander for T2 and bringing Sheldon or similar bots to front while supplying constructors to allies.

Usually blows up the commander for T2 (69%)

#eco #t2 #team support · 142 distinct matches · 44 players · 36% of Cortex Geo games · team won 47% of 143 · Recently observed

THE CATCH, AND WHAT COMES WITH IT
  • SheldonSheldon in 41%20% of all Geo games by then

Then transitions into Sheldon (22% of army), Sumo (8% of army).

HOW TO PLAY IT

Key timing: T2 constructor by 5:01

  1. Take 3 mex, then chain wind and a bot lab by 1:13.
  2. Get geothermal up for the energy to push tech.
  3. Hit T2 constructor and start advanced mex and advanced geo.
  4. Bring up the T2 lab and start pumping Sheldon to front.
  5. Pay allies with cons and rez bots while supplying Sheldon and Arbiter.

Phase by phase

TYPICAL OF ITS 142 GAMES
  1. 1
  2. 2
  3. 3
  4. 4
PLAY THE OPENING

Follow the example game's first 6:00 step by step: what to build now, what comes next, and where it goes. At 1× it keeps pace with your own game.

  1. 1

    Up to the Bot Lab

    Economy
    • Metal Extractor3Mex
    • Wind Turbine3Wind
    Order
    1. Bot LabBot Lab after 3 mex, 3 winddone ~1:13, middle half 0:57–1:19

    By 0:56 in all: 3 mex · 3 wind

    The example game in this phase · 3 steps
    1. Mex ×3
    2. Wind ×4
    3. Bot LabBot Labdone 1:23 · typical 1:13
  2. 2

    Bot Lab to 5:00

    Economy
    • Metal Extractor1Mex
    • Wind Turbine4Wind
    • Energy Converter9Converter
    • Energy Storage1Energy storage
    Order
    1. Geothermal PowerplantGeo after 4 mex, 6 wind, 1 energy storage
    Builders
    • Construction Turret5 Con turret
    • Graverobber4 Graverobber
    • Construction Bot2 Con bot
    • Construction Bot1 Con bot for allies
    • Graverobber1 Graverobber for allies

    By 5:00 in all: 4 mex · 7 wind · 1 geo · 9 converter · 1 energy storage · 5 con turret

    The example game in this phase · 18 steps
    1. GraverobberGraverobber
    2. Wind
    3. GraverobberGraverobber
    4. Wind
    5. GraverobberGraverobber
    6. Construction BotCon botfor Beach sea
    7. GraverobberGraverobberfor Beach sea
    8. GraverobberGraverobber
    9. Construction BotCon bot ×2
    10. Energy storage
    11. Mex
    12. Geothermal PowerplantGeodone 3:26 · typical 3:21
    13. Con turret ×6
    14. Radar TowerRadar Tower
    15. Energy storage
    16. Converter ×4
    17. Con turret
    18. Converter ×2
  3. 3

    5:00 to Advanced Bot Lab

    Economy
    • Wind Turbine2Wind
    • Energy Converter2Converter
    Order
    1. Advanced Geothermal PowerplantAdvanced Geothermal Powerplant after 9 wind, 12 converter, 6 con turretin 62% of games
    2. Advanced Bot LabAdvanced Bot Lab after 12 wind, 14 converter, 7 con turretdone ~7:53, middle half 7:28–8:31
    Builders
    • Construction Turret1 Con turret

    By 7:15 in all: 4 mex · 11 wind · 1 geo · 1 Advanced Geothermal Powerplant · 13 converter · 1 energy storage

    The example game in this phase · 4 steps
    1. Converter ×6
    2. Advanced Metal ExtractorT2 mex ×4done 6:03 · typical 5:37
    3. Advanced Geothermal PowerplantAdvanced Geothermal Powerplantdone 7:15 · typical 7:07
    4. RattlesnakeRattlesnakefor Ponddone 8:32
  4. 4

    Advanced Bot Lab to 10:00

    Economy
    • Energy Converter3Converter

    Some games also: T2 con bot for allies (46%) · Sheldon (45%) · radar bot (45%) · jammer bot (42%) · con turret (42%)

    By 10:00 in all: 4 mex · 15 wind · 1 geo · 1 Advanced Geothermal Powerplant · 18 converter · 1 energy storage

    The example game in this phase · 180 steps
    1. Con turret ×2
    2. Advanced Bot LabAdvanced Bot Labdone 8:11
    3. Advanced Construction BotT2 con bot ×2for Front
    4. PlatypusPlatypus ×15
    5. VeilVeil
    6. ButlerButler ×9
    7. Wind
    8. ButlerButler
    9. Wind
    10. Converter
    11. Wind ×4
    12. Converter ×2
    13. Wind ×3
    14. Converter
    15. Wind ×2
    16. Converter
    17. Wind ×3
    18. Converter ×2
    19. Wind ×3
    20. Converter
    21. Wind ×3
    22. Converter
    23. Wind ×3
    24. Converter
    25. Wind
    26. Converter
    27. Wind ×2
    28. TumbleweedRolling bomb
    29. Wind
    30. Converter
    31. TumbleweedRolling bomb
    32. Wind ×2
    33. Converter
    34. Wind
    35. TumbleweedRolling bomb
    36. Wind
    37. Converter
    38. Wind
    39. TumbleweedRolling bomb
    40. Wind
    41. Converter
    42. TumbleweedRolling bomb
    43. Wind ×2
    44. TumbleweedRolling bomb
    45. Wind
    46. Converter
    47. Aircraft PlantAircraft Plantdone 12:16
    48. Wind ×3
    49. Converter
    50. Wind ×2
    51. Converter
    52. Wind
    53. Converter
    54. Wind ×3
    55. Converter
    56. Wind ×3
    57. Converter
    58. HerculesLight transport
    59. Wind ×2
    60. HerculesLight transport
    61. Wind
    62. Converter
    63. HerculesLight transport
    64. Wind
    65. HerculesLight transport
    66. Wind
    67. Converter
    68. PlatypusPlatypus
    69. HerculesLight transport
    70. Wind
    71. GuardGuard
    72. Wind ×2
    73. PlatypusPlatypus
    74. Converter
    75. Wind
    76. GuardGuard
    77. Converter
    78. PlatypusPlatypus
    79. Wind ×2
    80. GuardGuard
    81. Wind
    82. PlatypusPlatypus
    83. Converter
    84. Wind ×2
    85. PlatypusPlatypus
    86. GuardGuard
    87. Wind
    88. Converter
    89. Wind
    90. PlatypusPlatypus
    91. Wind ×2
    92. GuardGuard
    93. Converter
    94. PlatypusPlatypus
    95. Wind
    96. Converter
    97. Wind
    98. PlatypusPlatypus
    99. GuardGuard
    100. Wind
    101. FinchFinch
    102. Wind
    103. Converter
    104. Wind
    105. PlatypusPlatypus
    106. Wind
    107. FinchFinch
    108. GuardGuard
    109. Converter
    110. PlatypusPlatypus
    111. Wind
    112. FinchFinch
    113. Wind ×2
    114. FinchFinch
    115. Converter
    116. PlatypusPlatypus
    117. Wind
    118. FinchFinch
    119. Wind
    120. Converter
    121. Wind
    122. PlatypusPlatypus
    123. Wind ×2
    124. PlatypusPlatypus
    125. Converter
    126. Wind
    127. PlatypusPlatypus
    128. Converter
    129. Wind ×3
    130. Converter
    131. Wind ×3
    132. Converter
    133. Wind
    134. PlatypusPlatypus
    135. Wind ×2
    136. Converter
    137. PlatypusPlatypus
    138. Wind ×2
    139. Converter
    140. PlatypusPlatypus
    141. Wind
    142. PlatypusPlatypus
    143. Wind ×2
    144. Converter
    145. PlatypusPlatypus
    146. Wind
    147. Converter
    148. PlatypusPlatypus
    149. Wind ×3
    150. PlatypusPlatypus
    151. Converter
    152. PlatypusPlatypus
    153. Wind ×2
    154. Converter
    155. Wind
    156. PlatypusPlatypus
    157. Wind ×3
    158. Converter
    159. PlatypusPlatypus
    160. Converter
    161. Wind ×3
    162. PlatypusPlatypus
    163. SprinterSprinter
    164. Wind ×2
    165. Converter
    166. SprinterSprinter
    167. Wind
    168. Converter
    169. SprinterSprinter
    170. Wind ×2
    171. SprinterSprinter
    172. Wind
    173. SprinterSprinter
    174. Converter
    175. Wind
    176. SprinterSprinter
    177. Wind
    178. Converter
    179. Wind
    180. SprinterSprinter

Counts are medians over the build's games: half of them build more, half fewer. The example game is DRM's (44 OS, 21/09/2026); pick another.

Team trades

IN AT LEAST 30% OF ITS GAMES

You hand over

  • Graverobber1 Graverobber to Beach sea or Frontfirst at 2:26 · in 76% of games
  • Construction Bot1 Con bot to Beach sea or Pondfirst at 2:43 · in 87% of games
  • Advanced Construction Bot1 T2 con bot to Suicide front or Frontfirst at 8:31 · in 53% of games

You get

  • Advanced Construction Bot1 T2 con bot from Techfirst at 4:50 · in 92% of games

How it plays out

Typical game of this build, running totals by minute

Metal produced

020k40k
0:005:0010:0015:00

metal

Enemy metal destroyed

05k10k
0:005:0010:0015:00

metal

Own metal lost

02.5k5k7.5k
0:005:0010:0015:00

metal

143 games.

Show as table
ByMetal produced: This buildEnemy metal destroyed: This buildOwn metal lost: This build
1:0033500
2:0085900
3:00149700
4:00266200
5:00375600
6:00567400
7:00798600
8:001103400
9:00140803174
10:0016922334258
11:00197691255720
12:002264824991538
13:002551243162629
14:002849760034360
15:003174782646299
WHAT THE NUMBERS SAY

Standard geo won under half its games while destroying far more metal than it lost by 15:00, showing the T2 push pays off when it lands.

  • + Enemy metal destroyed hits 7969 by 15:00 versus only 6290 lost.
  • + Advanced geothermal reached in 67% of games, funding a fast T2 lab.
  • − Team win rate sits at only 45%, below an even split.
  • − First Sheldon only appears by 9:06 in 31% of games, so T2 units often arrive late.
THE EXAMPLE YOU ARE READING

DRM

43.9 OS · 21/09/2026

Open source match ↗

3 received units · includes a constructor
713 metal received · 41853 energy received

Allied construction assistance is unknown. Timings are observations, not a promise of solo reproducibility.

Typical milestones

Bot Lab1:13Middle 50%: 0:57–1:19 · n=143
Geothermal Powerplant3:21Middle 50%: 3:08–3:37 · n=143
Advanced Metal Extractor5:37Middle 50%: 5:19–6:00 · n=130
Advanced Geothermal Powerplant7:07Middle 50%: 6:44–7:32 · n=94
Advanced Bot Lab7:53Middle 50%: 7:28–8:31 · n=103
Sheldon8:44Middle 50%: 8:05–9:20 · n=83

Played most by

RogShotz12games of this buildzeus_on_god12games of this build_Hawkey_9games of this buildAmrissa9games of this buildViltrum9games of this build